 Dungeon Crawl Stone Soup version 0.16-a0-3325-g64f94fb (webtiles) character file.

779 Kemay the Insei (level 7, -2/43 HPs)
             Began as an Octopode Transmuter on Dec 27, 2014.
             Was an Initiate of Sif Muna.
             Slain by a hill giant
             ... wielding a +0 giant spiked club
              (21 damage)
             ... on level 5 of the Dungeon.
             The game lasted 00:20:09 (6323 turns).

Kemay the Insei (Octopode Transmuter)               Turns: 6323, Time: 00:20:10

Health: -2/43      AC:  1    Str:  9    XL:     7   Next: 85%
Magic:  12/12      EV: 15    Int: 17    God:    Sif Muna [......]
Gold:   207        SH:  0    Dex: 13    Spells: 2 memorised, 5 levels left

rFire  . . .     SeeInvis .     k - +4 spear (pierce)
rCold  . . .     Clarity  .     (no shield)
rNeg   . . .     SustAb   +     (helmet restricted)
rPois  .         Gourm    .     (no amulet)
rElec  .         Spirit   .     f - ring of sustain abilities
rCorr  .         Warding  .     h - ring of stealth
rMut   .         Stasis   .     m - ring of protection from magic (curse)
MR     +....                    (no ring)
Stlth  +++.......               (no ring)
                                (no ring)
                                (no ring)
                                (no ring)

@: somewhat resistant to hostile enchantments, fairly stealthy
A: almost no armour, amphibious, 8 rings, constrict 8, camouflage 1, gelatinous
body 1
a: Renounce Religion


You were on level 5 of the Dungeon.
You worshipped Sif Muna.
Sif Muna was noncommittal.
You were not hungry.

You visited 2 branches of the dungeon, and saw 6 of its levels.

You collected 207 gold pieces.

Inventory:

Hand weapons
 b - a +0 blowgun
 k - a +4 spear of piercing (weapon)
 u - a +3 dagger of venom
Missiles
 c - 2 curare-tipped needles
 e - 33 poisoned needles
Jewellery
 f - a ring of sustain abilities (left tentacle)
 h - a ring of stealth (right tentacle)
 m - a cursed ring of protection from magic (on tentacle)
Scrolls
 s - a scroll of teleportation
Potions
 n - a potion of curing
Books
 d - a book of Changes

   Spells                             Type                      Level
   a - Beastly Appendage              Transmutation                1
   b - Sticks to Snakes               Transmutation                2
   c - Spider Form                    Transmutation/Poison         3
   d - Ice Form                       Ice/Transmutation            4
   e - Blade Hands                    Transmutation                5
Comestibles
 a - 4 bread rations
 g - 3 beef jerkies
 l - a royal jelly
 q - 3 fruits
 r - a meat ration


   Skills:
 - Level 1.0 Fighting
 - Level 6.0 Dodging
 + Level 6.5 Unarmed Combat
 - Level 2.0 Spellcasting
 + Level 2.5 Transmutations
 * Level 1.1 Ice Magic


You had 5 spell levels left.
You knew the following spells:

 Your Spells              Type           Power        Failure   Level  Hunger
a - Beastly Appendage     Trmt           ##....       10%         1    #......
b - Ice Form              Ice/Trmt       #.......     89%         4    #####..


Dungeon Overview and Level Annotations

Branches:
Dungeon (5/15)             Temple (1/1) D:4

Altars:
Cheibriados
Dithmenos
Elyvilon
Fedhas
Kikubaaqudgha
Makhleb
Nemelex Xobeh
Okawaru
Qazlal
Ru
Sif Muna
Vehumet
Yredelemnul
Zin
The Shining One


Innate Abilities, Weirdness & Mutations

You cannot wear most types of armour.
You are amphibious.
You can wear up to eight rings at the same time.
You can use your tentacles to constrict many enemies at once.
Your skin changes colour to match your surroundings (Stealth).
Your rubbery body absorbs attacks (AC +1).


Message History

The crimson imp is severely wounded.
You constrict the crimson imp. The crimson imp hits you.
You barely miss the crimson imp.
The crimson imp is severely wounded.
You constrict the crimson imp.
The crimson imp hits you but does no damage.
You hit the crimson imp.
You kill the crimson imp!
Your Ice Magic skill increases to level 1!
There is a stone staircase leading up here.
You start resting.
HP restored.
You see here a poisoned needle.
e - 33 poisoned needles (gained 1)
The hill giant shouts!
The hill giant hits you with a giant spiked club!!
Ouch! That really hurt!
There is a stone staircase leading up here.
The hill giant hits you with a giant spiked club!!
You die...

.....# #......#.#
..# (#.#..#
##.#..##.# ..#..
(#.##.# #.##..#.#
..#.. (..# .#
#.###.#.# .... ..##
.# #.###.#.# ..# ##
.# #..##.#.##..#
##.##...#...#
#.###C.....###
#.#..@.#.........
#...#..#........
#....##.....#######
....##.##.#..## .##
#.#..#(.# #.#.##..#
.... #..# #.##
#..## #.# #.>.#


You could see a hill giant.

Vanquished Creatures
  The ghost of Kemay the Insei, an average OpTm (D:4)
  An ogre (D:4)
  A big kobold (D:5)
  2 crimson imps (D:5)
  An oklob sapling (D:4)
  A gnoll shaman (D:4)
  An orc wizard (D:4)
  A hound (D:4)
  Natasha (twice) (D:5)
  Ijyb (D:4)
  Jessica (D:3)
  Robin (D:4)
  3 gnolls (D:4)
  7 adders
  4 worms
  6 orcs
  A bat skeleton (D:4)
  4 giant cockroaches
  18 goblins
  10 hobgoblins
  6 jackals
  14 kobolds
  3 quokkas
  2 ball pythons (D:2)
  15 bats
  3 giant geckos
  5 giant newts
  2 jackal skeletons (D:5)
  A quokka skeleton (D:5)
  7 rats
  A plant (D:4)
126 creatures vanquished.

Notes
Turn   | Place    | Note
--------------------------------------------------------------
     0 | D:1      | Kemay, the Octopode Transmuter, began the quest for the Orb.
     0 | D:1      | Reached XP level 1. HP: 13/13 MP: 3/3
   266 | D:1      | Reached XP level 2. HP: 13/18 MP: 4/4
   397 | D:1      | Gained mutation: You can translocate small distances at will. [potion of mutation]
   397 | D:1      | Gained mutation: Your magical capacity is low (-10% MP). [potion of mutation]
   783 | D:1      | Reached XP level 3. HP: 20/23 MP: 3/5
  1577 | D:2      | Reached XP level 4. HP: 25/28 MP: 6/6
  1607 | D:2      | Reached skill level 4 in Unarmed Combat
  2006 | D:3      | Noticed Jessica
  2011 | D:3      | Found a deep blue altar of Sif Muna.
  2014 | D:3      | Killed Jessica
  2024 | D:3      | Became a worshipper of Sif Muna the Loreminder
  2326 | D:3      | Lost mutation: Your magical capacity is low (-10% MP). [potion of cure mutation]
  2326 | D:3      | Lost mutation: You can translocate small distances at will. [potion of cure mutation]
  2360 | D:3      | Reached XP level 5. HP: 17/33 MP: 9/9
  2375 | D:3      | Learned a level 4 spell: Ice Form
  2784 | D:3      | Found a sacrificial altar of Ru.
  3060 | D:4      | Noticed Kemay's ghost (average OpTm)
  3105 | D:4      | Noticed Robin
  3697 | D:4      | Noticed Ijyb
  3704 | D:4      | Killed Ijyb
  3704 | D:4      | Reached XP level 6. HP: 36/38 MP: 8/10
  3868 | D:4      | Found a staircase to the Ecumenical Temple.
  3902 | D:4      | Killed Robin
  4177 | D:4      | Reached skill level 5 in Unarmed Combat
  4178 | D:4      | HP: 1/38 [orc/short sword (6)]
  4497 | D:4      | Killed Kemay's ghost
  4497 | D:4      | Reached skill level 5 in Dodging
  4708 | D:4      | Noticed an ogre
  4716 | D:4      | Killed an ogre
  4716 | D:4      | Reached XP level 7. HP: 20/43 MP: 12/12
  5146 | D:4      | Reached skill level 6 in Unarmed Combat
  5388 | Temple   | Entered the Ecumenical Temple
  5617 | D:5      | Entered Level 5 of the Dungeon
  5617 | D:5      | Found a shadowy altar of Dithmenos.
  5617 | D:5      | Noticed Natasha
  5622 | D:5      | Noticed a hill giant
  5692 | D:5      | Killed Natasha
  6132 | D:5      | Noticed Natasha
  6136 | D:5      | Killed Natasha
  6249 | D:5      | Reached skill level 1 in Ice Magic
  6323 | D:5      | Slain by a hill giant

Action                   |  1- 3 |  4- 6 |  7- 9 || total
-------------------------+-------+-------+-------++-------
Melee: Unarmed           |    91 |    85 |       ||   176
       Spear             |       |    76 |   124 ||   200
 Fire: Blowgun           |       |     1 |     5 ||     6
 Cast: Beastly Appendage |    10 |     6 |     2 ||    18
 Abil: Blink             |     1 |       |       ||     1
       End Transformatio |     1 |       |       ||     1
  Use: Scroll            |     7 |     2 |     2 ||    11
       Potion            |     3 |     5 |       ||     8
 Stab: Sleeping          |     6 |     8 |       ||    14
  Eat: Chunk             |     2 |     8 |     5 ||    15
       Fruit             |       |     1 |     1 ||     2
       Pizza             |       |     1 |       ||     1
